 Dungeon Crawl Stone Soup version 0.19.1-28-ge1247f7 (console) character file.

10352 Kloppie the Cleaver (level 11, -3/98 (99) HPs)
             Began as a Mottled Draconian Berserker on Jan 22, 2017.
             Was a High Priest of Trog.
             Slain by a hill giant
             ... wielding a cursed +0 giant club
              (38 damage)
             ... on level 10 of the Dungeon.
             The game lasted 00:14:40 (9376 turns).

Kloppie the Cleaver (Mottled Draconian Berserker)   Turns: 9376, Time: 00:14:40

HP:   -3/98 (99)    AC: 12    Str: 22    XL:     11   Next: 35%
MP:   11/11         EV: 15    Int:  7    God:    Trog [*****.]
Gold: 754           SH:  0    Dex: 14    Spells: 0 memorised, 10 levels left

rFire  + . .     SeeInvis +     a - +0 war axe
rCold  . . .     Gourm    .     (armour unavailable)
rNeg   . . .     Faith    .     (no shield)
rPois  .         Spirit   .     (helmet restricted)
rElec  .         Reflect  .     j - +2 cloak
rCorr  .         Harm     .     y - +1 pair of gloves
MR     .....                    (no boots)
Stlth  +.........               (no amulet)
                                s - ring of see invisible
                                h - ring of protection from fire

@: exhausted, slowed, very slow
A: breathe sticky flame splash, unfitting armour, strong 1, cold-blooded, AC +7
a: Breathe Sticky Flame, Berserk, Trog's Hand, Brothers in Arms, Burn
Spellbooks, Renounce Religion


You were on level 10 of the Dungeon.
You worshipped Trog.
Trog was extremely pleased with you.
You were hungry.

You visited 1 branch of the dungeon, and saw 10 of its levels.
You also visited: Ossuary.

You collected 754 gold pieces.

Inventory:

Hand Weapons
 a - a +0 war axe (weapon)
 m - a +0 broad axe
 u - a +4 battleaxe of draining
Armour
 j - a +2 cloak (worn)
 y - a +1 pair of gloves (worn)
Jewellery
 h - a ring of protection from fire (left hand)
 s - a ring of see invisible (right hand)
Wands
 l - a wand of paralysis (6/24)
 o - a wand of disintegration (7/24)
 E - a wand of flame (16/48)
Scrolls
 e - 2 scrolls of remove curse
 i - 4 scrolls of teleportation
 n - a scroll of recharging
 q - a scroll of magic mapping
 v - a scroll of summoning
Potions
 c - 4 potions of curing
 r - a potion of ambrosia
 t - a potion of haste
 w - 3 potions of agility
 A - a potion of heal wounds {unknown}
 F - a potion of brilliance
Comestibles
 b - 5 bread rations
 f - 4 slices of pizza
 g - 10 royal jellies
 k - 6 beef jerkies
 p - 15 fruits
 x - 5 chunks of flesh
 z - a meat ration


   Skills:
 - Level 9.8 Fighting
 - Level 14.4 Axes
 + Level 6.1 Dodging


You had 10 spell levels left.
You didn't know any spells.

Dungeon Overview and Level Annotations

Branches:
Dungeon (10/15)            Temple (0/1) D:4            Lair (0/6) D:8
    Orc: D:9-12

Altars:
Cheibriados
Hepliaklqana
Kikubaaqudgha
Okawaru
Qazlal
Ru
Trog
Uskayaw
Vehumet
Zin


Innate Abilities, Weirdness & Mutations

You can spit globs of burning liquid.
You can ignite nearby creatures when you spit burning liquid.
Your weird mottled scales are hard. (AC +7)
You cannot fit into any form of body armour.
You are cold-blooded and may be slowed by cold attacks.
Your muscles are strong. (Str +2)


Message History

You are no longer berserk.
You are exhausted.
You feel yourself slow down.
You slash the hill giant!
The hill giant is severely wounded.
The hill giant misses you.
You slash the hill giant!
The hill giant is severely wounded.
The hill giant closely misses you.
You slash the hill giant!
The hill giant is almost dead.
The hill giant misses you.
You hit the hill giant. You tail-slap the hill giant.
The hill giant is almost dead.
The hill giant hits you with a giant club!!
* * * LOW HITPOINT WARNING * * *
You hit the hill giant.
The hill giant is almost dead.
The hill giant hits you with a giant club!!!
You die...

..###.............
...... ##............
...?..# ##...........
.......## ##.(..........
........###.(...........
.........#.....(........
..............((........
.........[...(..........
......C@.).............#
..........)............#
......%...#............#
..........##.#.......###
......!...#.#........#
.......#.#.# ##.....##
.##.....#.## #...#.
####.# # ....


You could see a hill giant.

Vanquished Creatures
  Erolcha (D:9)
  The ghost of Jovan the Carver, a journeyman HuGl (D:9)
  3 hill giants
  Pikel (D:7)
  A komodo dragon (D:8)
  A troll (D:10)
  A two-headed ogre (D:8)
  Grinder (D:6)
  A hippogriff (D:8)
  Prince Ribbit (D:6)
  A hungry ghost (D:7)
  Duvessa (D:6)
  A water moccasin (D:9)
  4 orc warriors
  2 ice beasts
  4 necrophages (D:9)
  5 sky beasts
  2 phantoms
  6 ogres
  3 centaurs
  A crocodile (D:8)
  A big kobold (D:9)
  An elf zombie (Ossuary)
  9 bullfrogs
  3 scorpions
  Dowan (D:6)
  3 killer bees (D:7)
  7 wights
  7 howler monkeys
  3 crimson imps
  A centaur zombie (Ossuary)
  A bullfrog zombie (D:9)
  A human zombie (Ossuary)
  5 jellies
  5 hounds
  3 orc priests
  6 orc wizards
  A bullfrog skeleton (D:8)
  Terence (D:2)
  4 iguanas
  9 worker ants
  A big kobold zombie (Ossuary)
  A hound zombie (D:9)
  3 mummies
  2 worker ant zombies
  11 gnolls
  18 adders
  5 shadow imps
  6 oozes
  An adder zombie (D:9)
  3 worms
  12 leopard geckos
  31 orcs
  8 bats
  5 giant cockroaches
  4 gnoll zombies (Ossuary)
  15 goblins
  10 hobgoblins
  12 jackals
  3 quokkas
  A ball python (D:2)
  5 frilled lizards
  A goblin zombie (Ossuary)
  3 hobgoblin zombies (Ossuary)
  13 kobolds
  2 orc zombies (Ossuary)
  28 rats
318 creatures vanquished.

Vanquished Creatures (others)
  A plant (D:8)
1 creature vanquished.

Grand Total: 319 creatures vanquished

Notes
Turn   | Place    | Note
-------+----------+-------------------------------------------
     0 | D:1      | Kloppie the Draconian Berserker began the quest for the Orb.
     0 | D:1      | Reached XP level 1. HP: 19/19 MP: 1/1
    98 | D:1      | Reached XP level 2. HP: 13/26 MP: 2/2
   524 | D:1      | Reached XP level 3. HP: 23/33 MP: 3/3
   687 | D:1      | Reached ** piety under Trog
  1018 | D:2      | Noticed Terence
  1026 | D:2      | Killed Terence
  1026 | D:2      | Reached skill level 4 in Axes
  1026 | D:2      | Reached XP level 4. HP: 41/41 MP: 4/4
  1208 | D:2      | Reached skill level 5 in Fighting
  1231 | D:2      | Reached *** piety under Trog
  1444 | D:3      | Reached XP level 5. HP: 48/48 MP: 5/5
  1509 | D:3      | Received a gift from Trog
  1949 | D:3      | Found a hazy altar of Hepliaklqana.
  1949 | D:3      | Found a hide-covered altar of Uskayaw.
  2006 | D:3      | Found a sacrificial altar of Ru.
  2545 | D:4      | Found a staircase to the Ecumenical Temple.
  2586 | D:4      | Reached skill level 5 in Axes
  2756 | D:4      | Reached XP level 6. HP: 57/57 MP: 6/6
  3140 | D:4      | Gained mutation: Your muscles are strong. (Str +2) [potion of beneficial mutation]
  3179 | D:5      | Entered Level 5 of the Dungeon
  3223 | D:5      | Found a stormy altar of Qazlal.
  3318 | D:5      | Noticed an ice beast
  3328 | D:5      | Killed an ice beast
  3442 | D:5      | Your scales start taking on a weird mottled colour.
  3442 | D:5      | Reached XP level 7. HP: 64/64 MP: 7/7
  3452 | D:5      | Reached skill level 6 in Axes
  3608 | D:5      | Reached **** piety under Trog
  4130 | D:6      | Reached skill level 7 in Axes
  4137 | D:6      | Reached XP level 8. HP: 65/74 MP: 8/8
  4154 | D:6      | Noticed Prince Ribbit
  4167 | D:6      | Killed Prince Ribbit
  4183 | D:6      | Noticed Duvessa
  4185 | D:6      | Noticed Dowan
  4194 | D:6      | Killed Dowan
  4195 | D:6      | Killed Duvessa
  4233 | D:6      | Reached skill level 8 in Axes
  4266 | D:6      | Found a glowing silver altar of Zin.
  4267 | D:6      | Noticed an angel
  4453 | D:6      | Reached ***** piety under Trog
  4780 | D:6      | Noticed Grinder
  4791 | D:6      | Killed Grinder
  4844 | D:6      | Reached XP level 9. HP: 85/85 MP: 9/9
  4927 | D:7      | Reached skill level 9 in Axes
  5004 | D:7      | Noticed a hill giant
  5017 | D:7      | Killed a hill giant
  5273 | D:7      | Noticed Pikel
  5303 | D:7      | Killed Pikel
  5303 | D:7      | Reached skill level 10 in Axes
  5303 | D:7      | Reached skill level 5 in Dodging
  5430 | D:7      | Found an ancient bone altar of Kikubaaqudgha.
  5664 | D:7      | Received a gift from Trog
  5950 | D:8      | Found a sand-covered staircase.
  5961 | Ossuary  | Entered an ossuary
  6285 | D:8      | Reached XP level 10. HP: 85/93 MP: 10/10
  6628 | D:8      | Found a staircase to the Lair.
  6682 | D:8      | Reached skill level 11 in Axes
  7761 | D:8      | Found a radiant altar of Vehumet.
  7813 | D:8      | Found an iron altar of Okawaru.
  7999 | D:8      | Reached skill level 12 in Axes
  8215 | D:9      | Found a snail-covered altar of Cheibriados.
  8318 | D:9      | Noticed Erolcha
  8328 | D:9      | Killed Erolcha
  8403 | D:9      | Noticed Jovan's ghost (journeyman HuGl)
  8417 | D:9      | Killed Jovan's ghost
  8417 | D:9      | Reached skill level 13 in Axes
  8552 | D:9      | Reached XP level 11. HP: 64/98 MP: 11/11
  8572 | D:9      | Found a bloodstained altar of Trog.
  9017 | D:10     | Entered Level 10 of the Dungeon
  9032 | D:10     | Noticed a hill giant
  9043 | D:10     | Killed a hill giant
  9043 | D:10     | Reached skill level 14 in Axes
  9286 | D:10     | Noticed a hill giant
  9312 | D:10     | Killed a hill giant
  9363 | D:10     | Noticed a hill giant
  9376 | D:10     | Slain by a hill giant

Skill      XL: |  1  2  3  4  5  6  7  8  9 10 11 |
---------------+----------------------------------+-----
Fighting       | 4 5 6 8 9 |  9.8
Axes           | 4 5 7 8 10 13 14 | 14.4
Dodging        | 5 6 |  6.1

Action                   |  1- 3 |  4- 6 |  7- 9 | 10-12 || total
-------------------------+-------+-------+-------+-------++-------
Melee: Hand axe          |   109 |   211 |   415 |   154 ||   889
       Tailslap          |    18 |    33 |    62 |    74 ||   187
       War axe           |       |       |       |   217 ||   217
Invok: Berserk           |     1 |     4 |     6 |     9 ||    20
       Trog's Hand       |       |       |     2 |     1 ||     3
 Abil: Breathe Sticky Fl |       |       |     5 |     5 ||    10
  Use: Scroll            |       |     4 |     9 |     7 ||    20
       Potion            |       |     1 |     2 |       ||     3
 Stab: Sleeping          |       |     5 |     4 |       ||     9
       Distracted        |       |       |       |     1 ||     1
  Eat: Chunk             |     1 |    11 |    10 |    14 ||    36
       Meat ration       |       |       |     2 |     1 ||     3
Armor: Skin              |    40 |    77 |   102 |    87 ||   306
Dodge: Dodged            |    72 |   150 |   251 |   233 ||   706
